 Dungeon Crawl Stone Soup version 0.32-a0-22-g6ae6769602 (webtiles) character file.

Game seed: 11311617069331044642

103350 avis the Spry (level 15, -1/86 HPs)
             Began as a Felid Summoner on Jan 17, 2024.
             Was an Initiate of Gozag.
             Shot with a sling bullet by a naga warrior (12 damage)
             ... on level 2 of the Snake Pit on Jan 19, 2024.
             The game lasted 05:58:03 (35468 turns).

avis the Spry (Felid Summoner)                     Turns: 35468, Time: 05:58:03

Health: -1/86      AC:  3    Str:  4    XL:     15   Next: 88%
Magic:  12/30      EV: 36    Int: 27    God:    Gozag
Gold:   2811       SH:  0    Dex: 22    Spells: 8/34 levels left
                                        Lives:  0   Deaths: 5

rFire   . .          .
                       - Unarmed
rCold   + . .        (shield unavailable)
rNeg    . . .        (body armour unavailable)
rPois   +            (helmet unavailable)
rElec   .            (cloak unavailable)
rCorr   .            (gloves unavailable)
SInv    +            (boots unavailable)
Will    ++...        a - amulet of regeneration
Stlth   +++          F - ring "Efihef" {Fly Dex+6}
HPRegen 1.14/turn    q - ring of poison resistance
MPRegen 0.22/turn

%: no passive effects
@: blade hands, gold aura, flying, studying Spellcasting
A: very small, (claws 1), fangs 3, see invisible, shaggy fur 3, (stealthy paws),
no weapons or thrown items, no armour, multi-lived, teleportitis 1
a: Begin Untransformation, Renounce Religion, Potion Petition, Call Merchant,
Bribe Branch


You were on level 2 of the Snake Pit.
You worshipped Gozag.
Gozag was most pleased with you.
You had blades for front paws.
You visited 5 branches of the dungeon, and saw 24 of its levels.

You collected 8077 gold pieces.
You spent 3664 gold pieces at shops.
You paid 1602 gold pieces to Gozag.

Inventory:

Jewellery
 a - an amulet of regeneration (around neck)
 c - an amulet of reflection
 f - a ring of willpower
 m - a +6 ring of strength
 q - a ring of poison resistance (right blade hand)
 t - a ring of protection from fire
 y - a ring of ice
 F - the ring "Efihef" (left blade hand) {Fly Dex+6}
   (You found it on level 12 of the Dungeon)

   [ring of dexterity]

   Dex+6:     It affects your dexterity (+6).
   Fly:       It grants you flight.
 J - a ring of flight
 L - a +5 ring of evasion
Talismans
 l - a blade talisman (active)
Wands
 n - a wand of roots (20)
 p - a wand of flame (61)
 B - a wand of acid (14)
 C - a wand of digging (6)
 K - a wand of mindburst (4)
 N - a wand of polymorph (14)
 O - a wand of charming (8)
Scrolls
 b - 3 scrolls of silence {unknown}
 g - 4 scrolls of teleportation
 s - 4 scrolls of enchant weapon {unknown}
 u - 2 scrolls of vulnerability {unknown}
 w - 2 scrolls of revelation {unknown}
 x - 4 scrolls of noise {unknown}
 z - 10 scrolls of fog
 H - 4 scrolls of poison
Potions
 d - 3 potions of berserk rage
 h - 7 potions of enlightenment
 i - a potion of ambrosia
 j - 5 potions of heal wounds
 o - 4 potions of invisibility
 r - 12 potions of curing
 v - 6 potions of brilliance
 A - 2 potions of haste {unknown}
 E - 3 potions of might
 I - a potion of cancellation {unknown}
 M - 3 potions of lignification
Miscellaneous
 k - a lightning rod (4/4)
 D - a phantom mirror


   Skills:
 + Level 13.1 Fighting
 - Level 19.1 Dodging
 - Level 5.0 Stealth
 + Level 8.4 Unarmed Combat
 - Level 10.0 Spellcasting
 - Level 10.0 Summonings
 - Level 3.0 Necromancy
 - Level 3.0 Translocations
 - Level 5.0 Fire Magic
 - Level 5.0 Ice Magic
 - Level 5.0 Air Magic
 - Level 5.0 Evocations
 * Level 10.3 Shapeshifting


You had 8 spell levels left.
You knew the following spells:

 Your Spells              Type           Power      Damage    Failure   Level
b - Blink                 Tloc           58%        N/A       1%          2
c - Call Imp              Summ           100%       N/A       1%          2
d - Call Canine Familiar  Summ           61%        N/A       1%          3
g - Summon Blazeheart Go  Fire/Summ      52%        N/A       1%          4
k - Martyr's Knell        Necr/Summ      48%        N/A       3%          4
l - Summon Lightning Spi  Summ/Air       52%        N/A       1%          4
o - Ozocubu's Armour      Ice            40%        N/A       1%          3
p - Passage of Golubria   Tloc           29%        N/A       12%         4

Your spell library contained the following spells:

 Spells                   Type           Power      Damage    Failure   Level
 Foxfire                  Conj/Fire      100%       2x1d9     1%          1
 Summon Small Mammal      Summ           100%       N/A       1%          1
 Lesser Beckoning         Tloc           58%        N/A       1%          2
 Sublimation of Blood     Necr           29%        N/A       1%          2
 Cigotuvi's Dreadful Rot  Necr/Alch/Air  54%        N/A       2%          2
 Momentum Strike          Conj/Tloc      42%        3d9       3%          2
 Gell's Gravitas          Tloc           29%        N/A       3%          3
 Teleport Other           Tloc           29%        N/A       3%          3
 Jinxbite                 Hex            26%        N/A       6%          2
 Mephitic Cloud           Conj/Alch/Air  22%        N/A       7%          3
 Dispel Undead            Necr           29%        3d13      12%         4
 Dazzling Flash           Conj/Hex       26%        N/A       13%         3
 Anguish                  Hex/Necr       10%        N/A       22%         4
 Iskenderun's Mystic Bla  Conj/Tloc      21%        2d6       22%         4
 Curse of Agony           Necr           29%        N/A       34%         5
 Cause Fear               Hex            6%         N/A       38%         4
 Petrify                  Alch/Erth      13%        N/A       38%         4
 Fireball                 Conj/Fire      13%        3d7       38%         5
 Metabolic Englaciation   Hex/Ice        13%        N/A       38%         5
 Silence                  Hex/Air        13%        N/A       38%         5
 Irradiate                Conj/Alch      6%         3d13      75%         5
 Death Channel            Necr           14%        N/A       88%         6
 Conjure Ball Lightning   Conj/Air       13%        3x3d6     93%         6
 Sculpt Simulacrum        Ice/Alch       13%        N/A       93%         6
 Starburst                Conj/Fire      13%        6d6       93%         6
 Enfeeble                 Hex            6%         N/A       100%        7
 Discord                  Hex            6%         N/A       100%        8
 Disjunction              Tloc           14%        N/A       100%        8
 Ignition                 Fire           20%        3d7       100%        8
 Lehudib's Crystal Spear  Conj/Erth      6%         10d3      100%        8
 Chain Lightning          Conj/Air       13%        3d18      100%        9


Dungeon Overview and Level Annotations

Branches:
Dungeon (14/15)            Temple (1/1) D:6            Lair (5/5) D:10
 Shoals (0/4) Lair:2        Snake (2/4) Lair:2        Slime (0/5) Lair:4
    Orc (2/2) D:9             Elf (0/3) Orc:2        Vaults (0/5) D:14

Altars:
Ashenzari
Cheibriados
Dithmenos
Elyvilon
Fedhas
Gozag
Hepliaklqana
Kikubaaqudgha
Makhleb
Nemelex Xobeh
Okawaru
Qazlal
Ru
Sif Muna
Trog
Uskayaw
Vehumet
Wu Jian
Xom
Yredelemnul
Zin
The Shining One

Shops:
D:1 *   D:6 (   Orc:2 =(**   Lair:1 :   Lair:5 ?   Snake:1 [(

Portals:
Pandemonium: Orc:2

Annotations:
D:7 exclusion: downstairs
D:13 exclusion: 2 downstairs
Lair:4 exclusion: downstairs


Innate Abilities, Weirdness & Mutations

You have blades for front paws.
((You have sharp claws.))
You have razor-sharp teeth.
You have supernaturally acute eyesight. (SInv)
Your thick and shaggy fur keeps you warm. (AC +3, rC+)
((Your paws help you pounce on unaware monsters.))
You are incapable of wielding weapons or throwing items.
You cannot wear armour.
You gain extra lives every three experience levels.
You are occasionally teleported next to monsters.


Message History

The naga warrior spits poison at you. The splash of poison misses you.
The naga warrior constricts you.
You closely miss the naga warrior.
You bite the naga warrior, but do no damage.
The naga warrior is almost dead.
The naga warrior no longer looks unusually strong.
The naga warrior shoots a sling bullet.
The sling bullet completely misses you. The naga warrior barely misses you.
The naga warrior constricts you.
You hit the naga warrior but do no damage.
You bite the naga warrior, but do no damage.
The naga warrior is almost dead.
The naga warrior shoots a sling bullet.
The sling bullet hits you!!
You hit the naga warrior but do no damage.
The naga warrior is almost dead.
The naga warrior hits you with a +0 long sword!
* * * LOW HITPOINT WARNING * * *
The naga warrior constricts you.
* * * LOW HITPOINT WARNING * * *
You slash the naga warrior!
The naga warrior is almost dead.
The naga warrior misses you. The naga warrior constricts you.
* * * LOW HITPOINT WARNING * * *
Casting: Martyr's Knell (dangerous; 3% risk of failure)
Confirm with . or Enter, or press ? or * to list all spells.
A fiery spirit appears, bound in slag iron.
The naga warrior spits poison at you. The splash of poison misses you.
The naga warrior misses you. The naga warrior constricts you.
* * * LOW HITPOINT WARNING * * *
You escape the naga warrior's grasp.
Your familiar recovers from its injuries.
The naga warrior roars a battlecry!
The naga warrior goes into a battle-frenzy!
Your blazeheart golem punches the naga warrior.
The naga warrior dies!
The naga warrior shoots a sling bullet.
The sling bullet hits your blazeheart golem!
The naga warrior shoots a sling bullet.
The sling bullet hits you!
You die...
Your body crumbles into a pile of gold.

.... .# ##..# ###.......... ....
..# #...####......<...## #..#
#..####.......$.S.###....# #..#
#...#..........# ##.....# #..#
#.............# ##$8..... #..#
#.............###...##... ##..#
#...........##...9##.... #...#
#..............$###..... ....#
##.....$@.....$.###....##
....#####.......9..N.....#....##
.............................#
............................#
......#.............##.....#
#....###.....^..###..####..
#....# ##.......# #..# #. #..###
##...#.## ##.# #.#.# #..#### #.#


You could see a naga warrior (catching breath, ally target), a black mamba and a
friendly blazeheart golem (summoned).

Vanquished Creatures
  Gastronok (D:11)
  Snorg (D:11)
  Harold (D:11)
  Erolcha (D:13)
  7 hydras
  2 anacondas
  Erica (Lair:1)
  4 two-headed ogres
  3 demonspawn (Orc:2)
  4 centaur warriors
  3 boulder beetles
  A tengu warrior (D:14)
  An orc high priest (Orc:2)
  A naga sharpshooter (Snake:1)
  Amaemon (Lair:1)
  A skyshark (Lair:4)
  A mana viper (Snake:1)
  3 orc knights
  4 orc sorcerers
  A deep elf pyromancer (D:12)
  4 cyclopes
  Maurice (D:8)
  A wolf spider (Lair:5)
  2 ugly things (D:12)
  A guardian serpent (Lair:5)
  A torpor snail (Lair:4)
  12 black mambas
  A kobold blastminer (Orc:2)
  2 naga magi (Snake:1)
  3 elephants (Lair:3)
  15 cane toads
  5 gargoyles
  4 kobold demonologists
  9 komodo dragons
  An unseen horror (D:11)
  2 tengu conjurers (D:14)
  A polar bear (Lair:1)
  A wind drake (Lair:2)
  4 hornets
  10 trolls
  3 blink frogs
  3 dream sheep (Lair:4)
  6 slime creatures
  35 yaks
  2 hogs (D:12)
  4 wraiths
  7 wyverns
  4 basilisks
  12 humans
  10 nagas
  12 water moccasins
  Duvessa (D:6)
  10 orc warriors
  A black bear (Lair:3)
  2 ogres
  15 wolves
  2 centaurs
  2 boggarts (Lair:3)
  A weeping skull (D:10)
  6 kobold brigands
  A bullfrog (Lair:3)
  A scorpion (D:10)
  2 gnoll sergeants
  Dowan (D:6)
  2 wights
  9 killer bees
  2 howler monkeys (D:8)
  4 orc priests
  A gnoll bouda (D:8)
  A sleepcap (D:6)
  Natasha (D:3)
  2 orc wizards
  2 gnolls
  A white imp (D:8)
  9 orcs
  A giant cockroach (D:3)
  A goblin (D:3)
  A hobgoblin (D:1)
  2 kobolds
  2 frilled lizards
  A spectral orc (D:10)
307 creatures vanquished.

Vanquished Creatures (collateral kills)
  Kirke (D:12)
  Josephine (Lair:4)
  A hydra (Lair:4)
  A catoblepas (Lair:3)
  A naga warrior (Snake:2)
  3 orc high priests (Orc:2)
  Sonja (D:11)
  2 soul eaters (Orc:2)
  2 mana vipers
  2 orc knights (Orc:2)
  5 orc sorcerers
  2 deep elf pyromancers
  A manticore (Lair:2)
  3 salamanders
  2 nameless horrors
  A kobold blastminer (Orc:1)
  2 elephants (Lair:3)
  A naga mage (Snake:1)
  A guardian serpent (Snake:2)
  3 black mambas
  3 molten gargoyles (D:13)
  4 cane toads
  A kobold demonologist (D:13)
  An unseen horror (D:12)
  Maggie (D:10)
  3 komodo dragons
  A rime drake (Lair:5)
  An orange demon (Lair:1)
  A tengu conjurer (D:14)
  An ice devil (Orc:2)
  A troll (Orc:2)
  A hornet (Lair:4)
  5 blink frogs
  4 dream sheep (Lair:4)
  Sigmund (D:2)
  A centaur simulacrum (D:14)
  A shadow (D:11)
  3 slime creatures
  2 fire elementals
  2 wraiths
  6 wyverns
  24 yaks
  5 humans (D:14)
  2 redbacks
  A basilisk (D:10)
  2 neqoxecs (Orc:2)
  5 nagas
  14 water moccasins
  18 orc warriors
  An ice beast (D:7)
  A sky beast (D:6)
  2 ogres (Orc:1)
  3 black bears
  5 centaurs
  5 wolves
  3 kobold brigands
  Blork the orc (D:6)
  A gnoll sergeant (D:5)
  A scorpion (D:3)
  10 bullfrogs
  8 wights
  12 killer bees
  5 howler monkeys
  3 electric eels
  2 bombardier beetles
  2 lava snakes (Lair:2)
  4 hounds
  A jelly (D:3)
  21 orc priests
  Ijyb (D:3)
  A sleepcap (D:2)
  Terence (D:2)
  Natasha (twice) (D:3)
  2 iguanas
  11 orc wizards
  Robin (D:3)
  18 gnolls
  7 adders
  2 shadow imps
  2 ufetubi (D:6)
  3 dart slugs
  2 ribbon worms
  61 orcs
  4 ball pythons
  17 endoplasms
  8 giant cockroaches
  13 goblins
  6 hobgoblins
  2 quokkas
  3 bats
  5 frilled lizards
  25 kobolds
  8 rats
447 creatures vanquished.

Vanquished Creatures (others)
  A molten gargoyle (D:13)
  A wraith (D:12)
  A human (D:12)
  A centaur (D:11)
  2 gnolls (D:12)
  272 blazeheart cores
278 creatures vanquished.

Grand Total: 1032 creatures vanquished

Notes
Turn   | Place    | Note
-------+----------+-------------------------------------------
     0 | D:1      | avis the Felid Summoner began the quest for the Orb.
     0 | D:1      | Reached XP level 1. HP: 9/9 MP: 4/4
   282 | D:1      | Reached XP level 2. HP: 13/13 MP: 3/6
   287 | D:1      | Found Qelafil's General Store.
   291 | D:1      | Learned a level 2 spell: Call Imp
   665 | D:1      | Reached XP level 3. HP: 16/16 MP: 2/8
   747 | D:1      | Learned a level 3 spell: Call Canine Familiar
  1025 | D:1      | Learned a level 2 spell: Blink
  1293 | D:2      | Found a faded altar of an unknown god.
  1505 | D:2      | Reached skill level 1 in Translocations
  1521 | D:2      | Reached XP level 4. HP: 21/21 MP: 0/10
  1521 | D:2      | Gained a life (2 lives remaining)
  1688 | D:2      | Noticed Sigmund
  1714 | D:2      | Killed Sigmund
  1715 | D:2      | Reached skill level 5 in Summonings
  1715 | D:2      | Reached XP level 5. HP: 24/24 MP: 2/13
  1715 | D:2      | Gained mutation: You are covered in thick fur. (AC +2)
                  | [Felid growth]
  1715 | D:2      | Reached XP level 6. HP: 28/28 MP: 2/14
  1721 | D:2      | Learned a level 4 spell: Summon Blazeheart Golem
  2002 | D:2      | Noticed Terence
  2014 | D:2      | Killed Terence
  3182 | D:3      | Reached skill level 3 in Dodging
  3182 | D:3      | Reached skill level 1 in Fire Magic
  3360 | D:3      | Noticed Ijyb
  3370 | D:3      | Noticed Natasha
  3585 | D:3      | Killed Ijyb
  3586 | D:3      | Reached skill level 1 in Fighting
  3589 | D:3      | Killed Natasha
  3636 | D:3      | Noticed Natasha
  3644 | D:3      | Killed Natasha
  3645 | D:3      | Reached skill level 5 in Spellcasting
  3818 | D:3      | Reached XP level 7. HP: 33/33 MP: 15/15
  3857 | D:3      | Noticed Natasha
  3861 | D:3      | Killed Natasha
  3965 | D:3      | Identified the +2 helmet of the Trees {rC- rN+ Dex+3 SInv}
  3965 | D:3      | Noticed Robin
  3970 | D:3      | Killed Robin
  4147 | D:3      | Found an opulent altar of Gozag.
  4147 | D:3      | Found an ancient bone altar of Kikubaaqudgha.
  4147 | D:3      | Found a sparkling altar of Nemelex Xobeh.
  4147 | D:3      | Found a shadowy altar of Dithmenos.
  4147 | D:3      | Found an ornate altar of the Wu Jian Council.
  4147 | D:3      | Found a white marble altar of Elyvilon.
  4303 | D:3      | Became a worshipper of Gozag Ym Sagoz the Greedy
  4521 | D:3      | You fall into a shaft and drop 1 floor!
  4595 | D:3      | Upgraded the game from 0.32-a0-18-g89e19f1974 to
                  | 0.32-a0-20-ge526923d97
  4600 | D:3      | Learned a level 4 spell: Summon Lightning Spire
  5827 | D:5      | Entered Level 5 of the Dungeon
  6036 | D:5      | Reached skill level 4 in Dodging
  6249 | D:5      | Found a bloodstained altar of Trog.
  6700 | D:6      | Found a burning altar of Makhleb.
  6701 | D:6      | Noticed a green death
  6947 | D:6      | Reached XP level 8. HP: 39/39 MP: 7/17
  7073 | D:6      | Noticed Blork the orc
  7084 | D:6      | Killed Blork the orc
  7172 | D:6      | Found Naomeuba's Weapon Boutique.
  7219 | D:6      | Found a staircase to the Ecumenical Temple.
  7277 | D:6      | Noticed Dowan
  7283 | D:6      | Noticed Duvessa
  7412 | D:6      | Noticed a nameless horror
  7445 | D:6      | Killed Dowan
  7452 | D:6      | Killed Duvessa
  7453 | D:6      | Reached skill level 5 in Dodging
  7650 | D:5      | Killed a nameless horror
  8583 | D:5      | HP: 1/39 [wight/+4 long sword (7)]
  9570 | D:1      | Bought a potion of curing for 30 gold pieces
  9570 | D:1      | Bought a potion of heal wounds for 50 gold pieces
  9570 | D:1      | Bought a scroll of teleportation for 30 gold pieces
  9570 | D:1      | Bought a wand of acid (5) for 210 gold pieces
  9768 | Temple   | Entered the Ecumenical Temple
  9938 | D:7      | Reached skill level 5 in Fire Magic
  9947 | D:7      | Found a hide-covered altar of Uskayaw.
  9948 | D:7      | Found a sparkling altar of Nemelex Xobeh.
 10231 | D:7      | Reached XP level 9. HP: 45/45 MP: 12/19
 10234 | D:7      | Reached skill level 6 in Dodging
 10253 | D:7      | Reached skill level 1 in Air Magic
 10602 | D:7      | Found a broken altar of Ashenzari.
 11165 | D:8      | Noticed Maurice
 11321 | D:8      | Killed Maurice
 12249 | D:8      | Reached skill level 7 in Dodging
 12254 | D:8      | Noticed a kobold demonologist
 12259 | D:8      | Reached skill level 5 in Fighting
 12270 | D:8      | Killed a kobold demonologist
 12289 | D:8      | Reached XP level 10. HP: 29/50 MP: 5/21
 12775 | D:8      | Learned a level 3 spell: Ozocubu's Armour
 13225 | D:8      | Reached skill level 8 in Dodging
 13225 | D:8      | Reached skill level 5 in Air Magic
 13655 | D:9      | Noticed a two-headed ogre
 13667 | D:9      | Killed a two-headed ogre
 13668 | D:9      | Reached skill level 1 in Ice Magic
 13920 | D:9      | Found the +8 Vampire's Tooth {megavamp}
 13954 | D:9      | Found a staircase to the Orcish Mines.
 14177 | D:9      | Noticed a two-headed ogre
 14182 | D:9      | Killed a two-headed ogre
 14318 | D:9      | Found a glowing silver altar of Zin.
 14624 | D:10     | Entered Level 10 of the Dungeon
 14698 | D:10     | Reached skill level 9 in Dodging
 14771 | D:10     | Found an opulent altar of Gozag.
 14788 | D:10     | Noticed a gargoyle
 14805 | D:10     | Killed a gargoyle
 14806 | D:10     | Reached XP level 11. HP: 58/58 MP: 19/23
 14843 | D:10     | Found a sacrificial altar of Ru.
 15230 | D:10     | Found a basalt altar of Yredelemnul.
 15365 | D:10     | Noticed Maggie
 15372 | D:10     | Killed from afar by Maggie
 15372 | D:10     | Lost a life (1 life remaining)
 15391 | D:10     | Found a staircase to the Lair.
 15400 | D:10     | Killed Maggie
 15527 | D:10     | Reached skill level 5 in Ice Magic
 15790 | D:10     | Found a shimmering blue altar of Sif Muna.
 16314 | Lair:1   | Entered Level 1 of the Lair of Beasts
 16332 | Lair:1   | Noticed Erica
 16337 | Lair:1   | Killed Erica
 16338 | Lair:1   | Reached skill level 10 in Dodging
 16338 | Lair:1   | Reached skill level 1 in Evocations
 16345 | Lair:1   | Noticed Amaemon
 16369 | Lair:1   | Killed Amaemon
 16796 | D:10     | Gained mutation: Your thick and shaggy fur keeps you warm.
                  | (AC +3, rC+) [Felid growth]
 16796 | D:10     | Reached XP level 12. HP: 64/64 MP: 22/25
 16796 | D:10     | Gained a life (2 lives remaining)
 17335 | Lair:1   | Found the +11 plutonium sword {^Contam Stlth-}
 17491 | Lair:1   | Bought a manual of Dodging for 1280 gold pieces
 17542 | Lair:1   | Reached skill level 5 in Evocations
 17679 | Lair:1   | Reached skill level 11 in Dodging
 18408 | Lair:2   | Reached skill level 12 in Dodging
 18620 | Lair:2   | Found a staircase to the Snake Pit.
 18627 | Lair:2   | Slain by a salamander
 18627 | Lair:2   | Lost a life (1 life remaining)
 18639 | Lair:2   | HP: 1/65 [cane toad (22)]
 18641 | Lair:2   | Succumbed to a cane toad's poison
 18641 | Lair:2   | Lost a life (0 lives remaining)
 18662 | Lair:2   | Reached skill level 5 in Stealth
 18753 | Lair:2   | Reached skill level 10 in Summonings
 18973 | Lair:2   | Found a staircase to the Shoals.
 19196 | Lair:2   | Reached skill level 1 in Unarmed Combat
 19792 | Lair:3   | Paralysed by a hornet for 1 turns
 20087 | Lair:3   | Reached skill level 13 in Dodging
 20190 | Lair:3   | Noticed a catoblepas
 20208 | Lair:3   | Killed a catoblepas
 20313 | Lair:3   | Noticed a five-headed hydra
 20328 | Lair:3   | Killed a five-headed hydra
 20482 | Lair:3   | Reached XP level 13. HP: 70/70 MP: 21/27
 20482 | Lair:3   | Gained a life (1 life remaining)
 21020 | Lair:4   | Found a hide-covered altar of Uskayaw.
 21183 | Lair:4   | Reached skill level 5 in Unarmed Combat
 21352 | Lair:4   | Reached skill level 14 in Dodging
 21529 | Lair:4   | Got Xuistreti's Tractate on Hyperthermia
 21901 | Lair:4   | Found a staircase to the Slime Pits.
 22006 | Lair:4   | Identified the +2 ring mail of Zeegump {Will++ MP+9}
 22112 | Lair:5   | Entered Level 5 of the Lair of Beasts
 22529 | Lair:5   | Reached skill level 10 in Spellcasting
 22693 | Lair:5   | Paralysed by a hornet for 1 turns
 22937 | Lair:5   | Noticed Josephine
 23026 | Lair:4   | Reached skill level 15 in Dodging
 23088 | Lair:4   | Killed Josephine
 23089 | Lair:4   | Reached skill level 10 in Fighting
 23089 | Lair:4   | Reached skill level 1 in Shapeshifting
 24016 | Lair:4   | Reached skill level 16 in Dodging
 24476 | Lair:5   | Reached XP level 14. HP: 77/77 MP: 23/29
 24476 | Lair:5   | Gained a life (2 lives remaining)
 25060 | Lair:5   | Upgraded the game from 0.32-a0-20-ge526923d97 to
                  | 0.32-a0-22-g6ae6769602
 25246 | Lair:5   | Bought a scroll of identify for 30 gold pieces
 25246 | Lair:5   | Bought a scroll of fear for 60 gold pieces
 25246 | Lair:5   | Bought a scroll of fog for 60 gold pieces
 25246 | Lair:5   | Bought a scroll of immolation for 60 gold pieces
 25246 | Lair:5   | Bought 3 scrolls of poison for 180 gold pieces
 25414 | Orc:1    | Entered Level 1 of the Orcish Mines
 25443 | Orc:1    | Reached skill level 5 in Shapeshifting
 25939 | Orc:2    | Entered Level 2 of the Orcish Mines
 25939 | Orc:2    | Found a staircase to the Elven Halls.
 26206 | Orc:2    | Reached skill level 17 in Dodging
 26828 | Orc:2    | Found Fenwa's General Store.
 26957 | Orc:2    | Found Ezadous's General Store.
 27143 | Orc:2    | Gained mutation: You are occasionally teleported next to
                  | monsters. [a neqoxec]
 27897 | Orc:2    | Reached skill level 18 in Dodging
 28060 | Orc:2    | Bought a potion of heal wounds for 50 gold pieces
 28060 | Orc:2    | Bought a potion of lignification for 30 gold pieces
 28062 | Orc:2    | Bought a blade talisman for 360 gold pieces
 28062 | Orc:2    | Bought a lightning rod (4/4) for 480 gold pieces
 28062 | Orc:2    | Bought a potion of curing for 36 gold pieces
 28062 | Orc:2    | Bought a wand of acid (6) for 302 gold pieces
 28062 | Orc:2    | Bought a wand of polymorph (1) for 16 gold pieces
 28064 | Orc:2    | Bought a book of Decay for 400 gold pieces
 28287 | Orc:2    | Found Kirepu's Jewellery Boutique.
 28287 | Orc:2    | Found a one-way gate leading to the halls of Pandemonium.
 28287 | Orc:2    | Found Diusashra's Antique Weapon Shop.
 28566 | D:11     | Noticed Harold
 28585 | D:11     | Noticed Sonja
 28591 | D:11     | Killed Sonja
 28783 | D:11     | Identified the +0 sling of Doom {heavy, Will- Str+4}
 28829 | D:11     | Killed Harold
 29079 | D:11     | Noticed Gastronok
 29270 | D:11     | Noticed Snorg
 29284 | D:11     | HP: 1/79 [Snorg (4)]
 29286 | D:11     | Mangled by Snorg
 29286 | D:11     | Lost a life (1 life remaining)
 29295 | D:11     | Killed Snorg
 29348 | D:11     | Killed Gastronok
 29349 | D:11     | Reached skill level 19 in Dodging
 29810 | D:11     | Learned a level 4 spell: Martyr's Knell
 29836 | D:11     | Reached XP level 15. HP: 69/84 MP: 26/30
 29918 | Lair:1   | Identified a scroll of acquirement
 29918 | Lair:1   | Acquired the Incunabulum of Fulmination and Anathema
 29977 | Snake:1  | Entered Level 1 of the Snake Pit
 30123 | Snake:1  | Reached skill level 1 in Necromancy
 30239 | Snake:1  | You fall into a shaft and drop 1 floor!
 30315 | Snake:1  | Found Elo Wui's Armour Emporium.
 30320 | Snake:1  | Found Yned's Antique Weapon Emporium.
 30503 | Snake:1  | Learned a level 4 spell: Passage of Golubria
 31162 | D:12     | Identified the ring "Efihef" {Fly Dex+6}
 31565 | D:12     | Noticed Kirke
 31595 | D:12     | Killed Kirke
 32958 | D:13     | Noticed Erolcha
 32970 | D:13     | Killed Erolcha
 33944 | D:14     | Found a gate to the Vaults.
 34304 | D:14     | Reached skill level 10 in Shapeshifting
 34666 | D:14     | Identified the +11 flail of Sandy Resourcefulness {drain,
                  | rC+ rN+ Str+5}
 34975 | D:14     | Found a snail-covered altar of Cheibriados.
 35400 | Snake:2  | Shot with a sling bullet by a naga warrior
 35400 | Snake:2  | Lost a life (0 lives remaining)
 35468 | Snake:2  | Shot with a sling bullet by a naga warrior

Illustrated notes

Levels and vault maps discovered:
D:1:      lemuel_arrival_room, layout_loops_cross, serial_shops, shop,
          minmay_hexomino_c4
D:2:      layout_loops_ring, dreamdust_ecumenical_altar_statues, minmay_unequal,
          uniq_terence, uniq_sigmund
D:3:      cheibrodos_fertilizer, layout_loops_cross, uniq_ijyb, uniq_natasha,
          uniq_robin
D:4:      layout_loops_corners, st_stairs_13
D:5:      layout_gridville, mainiacjoe_overflow_alcove_2
D:6:      layout_layer_cave, makhleb_altar_promises_db,
          minmay_temple_entry_overgrown, serial_shops, shop, uniq_blork_the_orc,
          uniq_duvessa
D:7:      layout_loops_corners, nicolae_ashenzari_panopticon,
          nicolae_overflow_squiral
D:8:      layout_cave_pods, special_room [special_room_orc], uniq_maurice
D:9:      layout_cave_pods, overflow_temple_1_default, orc_0_dummy
D:10:     layout_irregular_city, nicolae_ru_sacrificial_ziggurat, led_sif_book,
          mainiacjoe_overflow_small_starburst,
          yredelemnul_forgotten_temple_becter, minmay_lair_entry_grove,
          uniq_maggie
D:11:     layout_basic, hangedman_decor_peaks_small, uniq_sonja, uniq_harold,
          uniq_snorg, uniq_gastronok
D:12:     minmay_ambush_box, layout_basic, minmay_misc_feat_iff,
          dreamdust_princess_bridge, uniq_kirke
D:13:     layout_loops_ring, minivault_8, uniq_erolcha
D:14:     layout_loops_ring, david_vaults_3, minivault_11, slow_altar_2
Temple:   nicolae_temple_x_marks_the_god
Lair:1:   layout_misc_corridors, minivault_25, nicolae_lair_grazing_beasts
          [nicolae_sub_lair_graze_edge, nicolae_sub_lair_graze_edge,
          nicolae_sub_lair_graze_edge, nicolae_sub_lair_graze_edge],
          grunt_megastairs_2, uniq_amaemon, uniq_erica
Lair:2:   layout_gridlike, minmay_shoals_entry_beasts,
          nicolae_snake_entry_warm_welcome
Lair:3:   beast_lair_carwin_large_3, layout_long_grid, kilobyte_rumbling_trees,
          infiniplex_staircase_pool
Lair:4:   layout_regular_city, slime_entry_1, basic_altar, pond,
          serial_bayou_shore_a, infiniplex_staircase_pool_2
Lair:5:   hangedman_lair_tendril_chambers, layout_gridlike, uniq_josephine
Snake:1:  layout_basic, minmay_shop_star
Snake:2:  layout_layer_cave, uniq_mlioglotl, uniq_agnes
Orc:1:    layout_caves
Orc:2:    pf_orc_diabolical, layout_caves

Skill      XL: |  1  2  3  4  5  6  7  8  9 10 11 12 13 14 15 |
---------------+----------------------------------------------+-----
Spellcasting   | 3 4 5 6 7 8 9 10 | 10.0
Translocations | 1 2 3 |  3.0
Summonings     | 5 6 7 8 9 10 | 10.0
Dodging        | 3 4 5 7 9 10 13 16 19 | 19.1
Fire Magic     | 1 3 5 |  5.0
Fighting       | 1 2 3 5 6 7 9 10 12 13 | 13.1
Air Magic      | 4 5 |  5.0
Ice Magic      | 3 5 |  5.0
Evocations     | 4 5 |  5.0
Stealth        | 5 |  5.0
Unarmed Combat | 4 7 8 |  8.4
Shapeshifting  | 4 8 10 | 10.3
Necromancy     | 3 |  3.0

Action                     |  1- 3 |  4- 6 |  7- 9 | 10-12 | 13-15 || total
---------------------------+-------+-------+-------+-------+-------++-------
  Melee: Unarmed           |     8 |    19 |    14 |    33 |   106 ||   180
         Bite              |     2 |     1 |     2 |     4 |    15 ||    24
         Punch             |       |       |       |     1 |     2 ||     3
   Cast: Summon Small Mamm |    34 |     6 |    27 |     6 |       ||    73
         Call Imp          |     8 |     7 |    30 |     2 |     5 ||    52
         Call Canine Famil |     8 |    25 |    63 |    28 |    23 ||   147
         Blink             |     1 |       |     3 |     4 |    10 ||    18
         Summon Blazeheart |       |       |    21 |   106 |   241 ||   368
         Summon Lightning  |       |       |     3 |    36 |   106 ||   145
         Ozocubu's Armour  |       |       |       |     2 |     4 ||     6
         Martyr's Knell    |       |       |       |       |    14 ||    14
         Passage of Golubr |       |       |       |       |     1 ||     1
 Invoke: Call Merchant     |       |       |       |     1 |     1 ||     2
  Evoke: Wand              |       |       |     9 |       |     2 ||    11
    Use: Scroll            |       |       |     2 |    12 |    12 ||    26
         Potion            |       |       |     1 |     2 |     3 ||     6
   Stab: Sleeping          |     1 |     1 |       |       |     2 ||     4
         Distracted        |       |     1 |       |       |     1 ||     2
         Betrayed ally     |       |       |       |       |     1 ||     1
 Armour: Skin              |    10 |    29 |    44 |   129 |   233 ||   445
  Dodge: Dodged            |    23 |    29 |   119 |   381 |   805 ||  1357
  Block: Other             |       |       |     2 |       |       ||     2
         Reflection        |       |       |     1 |       |       ||     1
   Form: Beast             |       |       |       |       |     1 ||     1
         Blade             |       |       |       |       |     1 ||     1

Table legend: (Time is in decaauts)
 A = Elapsed time spent in this place.
 B = Non-inter-level travel time spent in this place.
 C = Inter-level travel time spent in this place.
 D = Time resting spent in this place.
 E = Time spent auto-exploring this place.
 F = Levels seen in this place.
 G = Mean time per level.
                   A        B        C        D        E       F      G
               +--------+--------+--------+--------+--------+-----+--------+
         Total |  35622 |  32692 |   2930 |   8044 |  10696 |  24 | 1484.2 |
       Dungeon |  22262 |  20296 |   1966 |   5095 |   7379 |  14 | 1590.1 |
        Temple |      7 |      5 |      2 |      0 |      0 |   1 |    7.0 |
          Lair |   9263 |   8503 |    760 |   2057 |   2623 |   5 | 1852.6 |
     Snake Pit |   1066 |    994 |     72 |    245 |    163 |   2 |  533.0 |
  Orcish Mines |   3022 |   2893 |    129 |    647 |    531 |   2 | 1511.0 |
               +--------+--------+--------+--------+--------+-----+--------+

Top non-repeatable levels by time:
  Lair:4: 2986 daAuts
     D:6: 2197 daAuts
   Orc:2: 2111 daAuts
  Lair:2: 2094 daAuts
     D:8: 2045 daAuts
     D:2: 2008 daAuts
    D:10: 1728 daAuts
     D:3: 1649 daAuts
    D:11: 1627 daAuts
     D:7: 1571 daAuts
  Lair:1: 1547 daAuts
    D:13: 1494 daAuts
     D:4: 1491 daAuts
    D:12: 1448 daAuts
     D:1: 1398 daAuts
